 Dungeon Crawl Stone Soup version 0.18.1-48-g4cf74bf (webtiles) character file.

15580 BoredOne the Geomancer (level 12, -14/69 HPs)
             Began as a Gargoyle Earth Elementalist on July 17, 2016.
             Was an Elder of Vehumet.
             Demolished by aves's ghost (16 damage)
             ... on level 10 of the Dungeon.
             The game lasted 00:53:54 (15521 turns).

BoredOne the Geomancer (GrEE)                      Turns: 15521, Time: 00:53:54

Health: -14/69     AC: 12    Str: 12    XL:     12   Next: 28%
Magic:  6/26       EV:  7    Int: 21    God:    Vehumet [****..]
Gold:   334        SH:  0    Dex: 15    Spells: 6 memorised, 15 levels left

rFire  . . .     SeeInvis .     J - +0 lajatang
rCold  . . .     Gourm    .     a - +1 robe
rNeg   + + .     Faith    .     (shield currently unavailable)
rPois  ∞         Spirit   .     (no helmet)
rElec  +         Dismiss  .     (no cloak)
rCorr  .         Reflect  .     (no gloves)
SustAt .         Harm     .     I - +0 pair of boots
MR     .....                    e - amulet of magic regeneration
Stlth  ++........               (no ring)
                                C - ring "Yffoxt" {rPois rN+ Dex+5}

@: not resistant to hostile enchantments, unstealthy
A: negative energy resistance 1, electricity resistance, unbreathing,
petrification resistance, rot immunity, AC +8
a: Renounce Religion


You were on level 10 of the Dungeon.
You worshipped Vehumet.
Vehumet was greatly pleased with you.
You were not hungry.

You visited 2 branches of the dungeon, and saw 11 of its levels.

You collected 664 gold pieces.
You spent 330 gold pieces at shops.

Inventory:

Hand Weapons
 j - the +5 whip of Dishonesty {slash, MR+ Dex+2}
   (You found it on level 4 of the Dungeon)

   It inflicts extra damage upon your enemies.
   It affects your dexterity (+2).
   It affects your resistance to hostile enchantments.
 r - a +5 long sword
 J - a +0 lajatang (weapon)
Missiles
 b - 24 stones (quivered)
 k - 29 poisoned needles
Armour
 a - a +1 robe (worn)
 h - a +0 shield
 y - a +2 hat
 I - a +0 pair of boots (worn)
Jewellery
 e - an amulet of magic regeneration (around neck)
 C - the ring "Yffoxt" (left hand) {rPois rN+ Dex+5}
   (You acquired it on level 10 of the Dungeon)

   [ring of dexterity]

   It affects your dexterity (+5).
   It protects you from poison.
   It protects you from negative energy.
 H - an uncursed amulet of the gourmand
Wands
 m - a wand of random effects (39/48)
 o - a wand of flame (7/48)
 q - a wand of flame (24/48)
 u - a wand of slowing (42/48)
 L - a wand of polymorph (15/24)
 M - a wand of iceblast (5/15)
Scrolls
 s - a scroll of enchant armour
 v - a scroll of vulnerability
 z - 3 scrolls of magic mapping
 B - 2 scrolls of recharging
 D - a scroll of immolation
 E - 4 scrolls of remove curse
Potions
 f - 6 potions of curing
 l - a potion of degeneration
 p - 5 potions of lignification
 t - 3 potions of brilliance
Books
 c - a book of Geomancy

   Spells                             Type                      Level
   a - Sandblast                      Earth                        1
   b - Passwall                       Transmutation/Earth          2
   c - Stone Arrow                    Conjuration/Earth            3
   d - Petrify                        Transmutation/Earth          4
   e - Lee's Rapid Deconstruction     Earth                        5
 i - a book of Annihilations

   Spells                             Type                      Level
   a - Poison Arrow                   Conjuration/Poison           6
   b - Chain Lightning                Conjuration/Air              8
   c - Lehudib's Crystal Spear        Conjuration/Earth            8
   d - Glaciate                       Conjuration/Ice              9
   e - Fire Storm                     Conjuration/Fire             9
 A - a book of the Tempests

   Spells                             Type                      Level
   a - Static Discharge               Conjuration/Air              3
   b - Lightning Bolt                 Conjuration/Air              5
   c - Fireball                       Conjuration/Fire             5
   d - Tornado                        Air                          9
   e - Shatter                        Earth                        9
 G - a book of Frost

   Spells                             Type                      Level
   a - Freeze                         Ice                          1
   b - Throw Frost                    Conjuration/Ice              2
   c - Ozocubu's Armour               Charms/Ice                   3
   d - Throw Icicle                   Conjuration/Ice              4
   e - Summon Ice Beast               Ice/Summoning                4
Comestibles
 d - 4 bread rations
 g - 7 royal jellies
 n - 4 chunks of flesh
 w - 5 meat rations
 x - 6 beef jerkies
 F - a slice of pizza


   Skills:
 + Level 5.9 Fighting
 + Level 10.0 Staves
 - Level 1.5 Dodging
 - Level 2.1 Stealth
 - Level 3.4 Shields
 - Level 10.0 Spellcasting
 - Level 5.5 Conjurations
 - Level 0.7 Transmutations
 + Level 12.1 Earth Magic


You had 15 spell levels left.
You knew the following spells:

 Your Spells              Type           Power        Failure   Level  Hunger
a - Sandblast             Erth           ######       1%          1    None
b - Stone Arrow           Conj/Erth      #####.       1%          3    None
c - Lee's Rapid Deconstr  Erth           ######....   1%          5    ####...
d - Passwall              Trmt/Erth      #####.....   1%          2    None
e - Searing Ray           Conj           ####..       1%          2    None
f - Ignite Poison         Fire/Trmt/Pois ##......     5%          3    None


Dungeon Overview and Level Annotations

Branches:
Dungeon (10/15)            Temple (1/1) D:4            Lair (0/8) D:10
    Orc: D:9-12

Altars:
Ashenzari
Cheibriados
Dithmenos
Elyvilon
Fedhas
Gozag
Kikubaaqudgha
Makhleb
Nemelex Xobeh
Okawaru
Pakellas
Qazlal
Ru
Sif Muna
Trog
Vehumet
Xom
Yredelemnul
Zin
The Shining One

Shops:
D:7 [

Annotations:
D:10 aves's ghost, journeyman VSFi


Innate Abilities, Weirdness & Mutations

You are resistant to torment.
Your stone body is resilient (AC +8).
You are immune to poison.
You resist negative energy.
You are resistant to electric shocks.
You can survive without breathing.
You are immune to petrification.
You are immune to rotting.


Message History

Aves's ghost hits you but does no damage.
The searing ray hits aves's ghost.
Something hits you but does no damage. Aves's ghost hits you.
Something hits you. Aves's ghost hits you! Something hits you!
* * * LOW HITPOINT WARNING * * *
Aves's ghost completely misses you. Something hits you.
* * * LOW HITPOINT WARNING * * *
Something hits you!
* * * LOW HITPOINT WARNING * * *
The ogre hits you with a giant club!
* * * LOW HITPOINT WARNING * * *
There is a stone staircase leading up here.
Drink which item? (? for menu, Esc to quit)
Okay, then.
Something hits you.
* * * LOW HITPOINT WARNING * * *
Aves's ghost hits you!
You die...

## #........# #####
#........############## ....#
###........##...........#
....###...........#...........#
....##..#.........#.O.Z.......#
....'..##.....?...............#
....#####........#...aO.......#
....# #......WO#............#
....# #.......@#............#
....# #........##...........#
#'### ####.##########'######
..# #.. .. ### ##.# .# ..#
####'#### #####.## ..#
#.......# #......#
..########.......####.....)#
..'......#.........##......#


You could see an ogre and aves's ghost.

Vanquished Creatures
  Maud (D:10)
  2 hill giants (D:10)
  A moth of wrath (D:4)
  A gargoyle (D:7)
  A troll (D:10)
  A queen bee (D:8)
  A two-headed ogre (D:8)
  Grinder (D:4)
  A hungry ghost (D:8)
  Eustachio (D:5)
  A water moccasin (D:7)
  6 orc warriors
  A sky beast (D:8)
  A wasp (D:10)
  An ice beast (D:9)
  4 ogres
  A black bear (D:8)
  A necrophage (D:6)
  3 phantoms
  3 centaurs
  9 giant frogs
  3 scorpions
  18 killer bees
  3 wights (D:6)
  4 howler monkeys
  5 crimson imps
  2 giant frog zombies
  6 hounds
  3 giant frog skeletons
  A gnoll shaman (D:9)
  11 orc priests
  Ijyb (D:2)
  8 iguanas
  9 worker ants
  Natasha (twice) (D:2)
  4 orc wizards
  A howler monkey zombie (D:9)
  A worker ant zombie (D:7)
  4 gnolls (D:9)
  15 adders
  2 shadow imps
  3 oozes
  2 adder skeletons
  6 worms
  5 dart slugs
  A giant gecko (D:3)
  22 orcs
  8 giant cockroaches
  4 goblins
  9 hobgoblins
  13 jackals
  4 kobolds
  4 quokkas
  4 ball pythons
  7 bats
  A giant cockroach zombie (D:6)
  A giant gecko skeleton (D:5)
  A giant gecko zombie (D:6)
  5 giant newts
  2 jackal skeletons
  2 quokka zombies
  11 rats
260 creatures vanquished.

Vanquished Creatures (others)
  2 orc wizards (D:6)
2 creatures vanquished.

Grand Total: 262 creatures vanquished

Notes
Turn   | Place    | Note
--------------------------------------------------------------
     0 | D:1      | BoredOne the Gargoyle Earth Elementalist began the quest for the Orb.
     0 | D:1      | Reached XP level 1. HP: 10/10 MP: 3/3
    68 | D:1      | Reached skill level 4 in Earth Magic
    70 | D:1      | Reached XP level 2. HP: 7/15 MP: 5/5
   957 | D:1      | Reached XP level 3. HP: 15/19 MP: 6/6
   962 | D:1      | Learned a level 3 spell: Stone Arrow
  1070 | D:1      | Reached skill level 5 in Earth Magic
  2388 | D:2      | Reached XP level 4. HP: 24/24 MP: 4/7
  2532 | D:2      | Noticed Natasha
  2536 | D:2      | Killed Natasha
  2536 | D:2      | Reached skill level 6 in Earth Magic
  2699 | D:2      | Noticed Natasha
  2703 | D:2      | Killed Natasha
  2703 | D:2      | Reached XP level 5. HP: 28/28 MP: 4/8
  2814 | D:2      | Noticed Ijyb
  2818 | D:2      | Killed Ijyb
  2818 | D:2      | Reached skill level 7 in Earth Magic
  3104 | D:3      | Found a white marble altar of Elyvilon.
  3303 | D:3      | Found a stormy altar of Qazlal.
  3694 | D:3      | Reached skill level 1 in Conjurations
  3984 | D:4      | Reached XP level 6. HP: 32/32 MP: 4/9
  3991 | D:4      | Learned a level 5 spell: Lee's Rapid Deconstruction
  4071 | D:4      | Found a staircase to the Ecumenical Temple.
  4078 | Temple   | Entered the Ecumenical Temple
  4138 | Temple   | Became a worshipper of Vehumet
  4304 | D:4      | Noticed Grinder
  4322 | D:4      | Paralysed by Grinder for 4 turns
  4325 | D:4      | HP: 1/32 [worker ant (1)]
  4334 | D:4      | Killed Grinder
  4334 | D:4      | Reached skill level 8 in Earth Magic
  4350 | D:4      | Reached XP level 7. HP: 27/36 MP: 1/10
  4461 | D:4      | Found a blossoming altar of Fedhas.
  4491 | D:4      | Noticed a moth of wrath
  4494 | D:4      | Found a bloodstained altar of Trog.
  5259 | D:4      | Killed a moth of wrath
  5259 | D:4      | Reached skill level 5 in Conjurations
  5259 | D:4      | Reached skill level 9 in Earth Magic
  5259 | D:4      | Reached XP level 8. HP: 41/41 MP: 1/11
  5376 | D:4      | Got a dazzling whip
  5377 | D:4      | Identified the +5 whip of Dishonesty {slash, MR+ Dex+2} (You found it on level 4 of the Dungeon)
  5851 | D:4      | Found a sparkling altar of Nemelex Xobeh.
  5851 | D:4      | Found a sacrificial altar of Ru.
  5852 | D:4      | Found a blossoming altar of Fedhas.
  5889 | D:5      | Entered Level 5 of the Dungeon
  6019 | D:5      | Reached skill level 10 in Earth Magic
  6204 | D:5      | Noticed Eustachio
  6206 | D:5      | Found a shattered altar of Ashenzari.
  6370 | D:5      | Found an oddly glowing altar of Pakellas.
  6406 | D:5      | Killed Eustachio
  6583 | D:5      | Found Jiah's Food Emporium.
  6598 | D:5      | Bought a meat ration for 65 gold pieces
  6598 | D:5      | Bought 2 fruits for 39 gold pieces
  6598 | D:5      | Bought a bread ration for 65 gold pieces
  6598 | D:5      | Bought a meat ration for 65 gold pieces
  6598 | D:5      | Bought a beef jerky for 19 gold pieces
  6598 | D:5      | Bought 3 beef jerkies for 58 gold pieces
  6632 | D:5      | Bought a beef jerky for 19 gold pieces
  6659 | D:5      | Found a sparkling altar of Nemelex Xobeh.
  6929 | D:5      | Reached * piety under Vehumet
  6929 | D:5      | Offered knowledge of Magic Dart by Vehumet.
  7183 | D:6      | Reached skill level 5 in Spellcasting
  7191 | D:6      | Reached XP level 9. HP: 42/45 MP: 0/16
  7700 | D:6      | Learned a level 2 spell: Passwall
  7934 | D:6      | Found a deep blue altar of Sif Muna.
  8147 | D:6      | Offered knowledge of Searing Ray by Vehumet.
  8388 | D:6      | Learned a level 2 spell: Searing Ray
  9033 | D:6      | Reached ** piety under Vehumet
  9356 | D:7      | Found Dutei's Antique Armour Emporium.
 10403 | D:7      | Noticed a gargoyle
 10403 | D:7      | Killed a gargoyle
 10749 | D:7      | Reached XP level 10. HP: 45/50 MP: 21/23
 11301 | D:8      | Reached skill level 10 in Spellcasting
 11569 | D:8      | Offered knowledge of Ignite Poison by Vehumet.
 11574 | D:8      | Learned a level 3 spell: Ignite Poison
 11641 | D:8      | Reached skill level 1 in Shields
 11714 | D:8      | Reached skill level 1 in Fighting
 12307 | D:8      | Reached *** piety under Vehumet
 12450 | D:8      | Reached skill level 11 in Earth Magic
 13271 | D:8      | Reached skill level 1 in Staves
 13279 | D:8      | Offered knowledge of Dazzling Spray by Vehumet.
 14475 | D:9      | Reached XP level 11. HP: 62/62 MP: 25/25
 14628 | D:10     | Entered Level 10 of the Dungeon
 14628 | D:10     | Noticed a hill giant
 14635 | D:10     | Killed a hill giant
 14635 | D:10     | Reached XP level 12. HP: 67/67 MP: 13/26
 14747 | D:10     | Noticed Maud
 14768 | D:10     | Killed Maud
 14768 | D:10     | Reached skill level 5 in Fighting
 14951 | D:10     | Found a staircase to the Lair.
 14962 | D:10     | Reached **** piety under Vehumet
 14962 | D:10     | Reached skill level 12 in Earth Magic
 15055 | D:10     | Offered knowledge of Olgreb's Toxic Radiance by Vehumet.
 15055 | D:10     | Reached skill level 10 in Staves
 15218 | D:10     | Identified a scroll of acquirement
 15219 | D:10     | Got a faintly glowing lead ring
 15220 | D:10     | Identified the ring "Yffoxt" {rPois rN+ Dex+5} (You acquired it on level 10 of the Dungeon)
 15499 | D:10     | Noticed aves's ghost (journeyman VSFi)
 15521 | D:10     | HP: 2/69 [something (3)]
 15521 | D:10     | Demolished by aves's ghost

Skill      XL: |  1  2  3  4  5  6  7  8  9 10 11 12 |
---------------+-------------------------------------+-----
Earth Magic    | 4 5 6 7 8 9 10 11 12 | 12.1
Conjurations   | 1 3 5 |  5.5
Spellcasting   | 5 9 10 | 10.0
Shields        | 3 |  3.4
Fighting       | 4 5 |  5.9
Staves         | 9 10 | 10.0
Dodging        | |  1.5
Stealth        | |  2.1
Transmutations | |  0.7

Action                   |  1- 3 |  4- 6 |  7- 9 | 10-12 || total
-------------------------+-------+-------+-------+-------++-------
Melee: Spear             |   137 |    18 |    40 |       ||   195
       Whip              |       |       |    70 |       ||    70
       Long sword        |       |       |   117 |    56 ||   173
       Lajatang          |       |       |       |    88 ||    88
 Cast: Sandblast         |    11 |    70 |    21 |       ||   102
       Stone Arrow       |     3 |     1 |    55 |    79 ||   138
       Lee's Rapid Decon |       |       |    18 |    38 ||    56
       Searing Ray       |       |       |     1 |    11 ||    12
Evoke: Wand              |       |       |     2 |       ||     2
  Use: Scroll            |     6 |     7 |     9 |    10 ||    32
       Potion            |       |     4 |     1 |     2 ||     7
 Stab: Sleeping          |     8 |       |     5 |       ||    13
  Eat: Chunk             |     4 |     8 |    15 |    14 ||    41
       Meat ration       |       |       |     2 |       ||     2
       Fruit             |       |       |     1 |     3 ||     4
       Bread ration      |       |       |     1 |     1 ||     2
       Pizza             |       |       |     1 |       ||     1
       Royal jelly       |       |       |       |     1 ||     1
Armor: Robe              |    48 |    21 |   106 |   121 ||   296
Dodge: Dodged            |    84 |    45 |   185 |   155 ||   469
